 Dungeon Crawl Stone Soup version 0.31-a0-239-g0a1456f148 (webtiles) character file.

Game seed: 11587550545767856852

222 qw the Shooter (level 5, -3/31 HPs)
             Began as a Gargoyle Hexslinger on July 11, 2023.
             Slain by Grinder (7 damage)
             ... on level 3 of the Dungeon.
             The game lasted 00:00:51 (2314 turns).

qw the Shooter (Gargoyle Hexslinger)                Turns: 2314, Time: 00:00:52

Health: -3/31      AC:  8    Str: 12    XL:     5   Next: 99%
Magic:  6/6        EV: 11    Int: 13    God:
Gold:   635        SH:  5    Dex: 14    Spells: 5/6 levels left

rFire   . . .        Y - +2 sling
rCold   . . .        (no shield)
rNeg    + . .        k - +0 leather armour
rPois   inf          (no helmet)
rElec   +            f - +0 cloak
rCorr   +            (no gloves)
SInv    .            (no boots)
Will    .....        e - amulet of reflection
Stlth   +            c - ring of resist corrosion
HPRegen 0.25/turn    (no ring)
MPRegen 0.10/turn

%: reflection
@: no status effects
A: sickness immunity, AC +4, negative energy resistance 1, electricity
resistance, torment resistance 1, petrification resistance
a: no special abilities


You were on level 3 of the Dungeon.
You visited 1 branch of the dungeon, and saw 4 of its levels.

You collected 635 gold pieces.


Innate Abilities, Weirdness & Mutations

You are immune to sickness and miasma.
Your stone body is resilient. (AC +4)
You are immune to poison.
You resist negative energy. (rN+)
You are resistant to electric shocks. (rElec)
You are resistant to unholy torment.
You are immune to petrification.


   Skills:
 + Level 2.6 Fighting
 - Level 5.5 Ranged Weapons
 - Level 1.5 Dodging
 - Level 1.0 Spellcasting
 - Level 2.6 Hexes


You had 5 spell levels left.
You knew the following spells:

 Your Spells              Type           Power      Damage    Failure   Level
a - Slow                  Hex            28%        N/A       12%         1

Your spell library contained the following spells:

 Spells                   Type           Power      Damage    Failure   Level
 Inner Flame              Hex/Fire       4%         N/A       52%         3
 Portal Projectile        Hex/Tloc       8%         N/A       52%         3
 Cause Fear               Hex            3%         N/A       75%         4

Inventory:

Hand Weapons
 Y - a +2 sling (weapon)
Armour
 f - a +0 cloak (worn)
 k - a +0 leather armour (worn)
Jewellery
 c - a ring of resist corrosion (left hand)
 e - an amulet of reflection (around neck)
Scrolls
 i - 2 scrolls of identify
Potions
 a - a potion of curing
 j - a potion of mutation

Dungeon Overview and Level Annotations

Branches:
Dungeon (4/15)
 Temple: D:4-7

Altars:

Shops:
D:1 ?

Annotations:
D:3 Grinder


Message History

2303 ||| DRINKING potion of heal wounds.
You feel much better. The goblin hits you but does no damage.
Grinder gestures at you.
You suddenly lose the ability to move!
The goblin hits you with a +0 dagger. Grinder barely misses you.
You can move again.
You shoot a sling bullet. The sling bullet hits Grinder.
Grinder is heavily wounded.
You block the goblin's attack. Grinder gestures at you.
You barely resist. You shoot a sling bullet.
The sling bullet closely misses Grinder.
The goblin misses you. Grinder hits you!
You writhe in agony.
You shoot a sling bullet. The sling bullet hits Grinder.
Grinder is heavily wounded.
The goblin misses you. Grinder barely misses you.
You shoot a sling bullet. The sling bullet hits Grinder.
Grinder is severely wounded.
The goblin hits you but does no damage. Grinder hits you!
You writhe in agony.
You shoot a sling bullet. The sling bullet hits Grinder!
Grinder is almost dead.
The goblin hits you but does no damage.
Grinder blinks!
The goblin barely misses you.
You shoot a sling bullet. The sling bullet misses the goblin.
The goblin hits you but does no damage. Grinder gestures at you.
You resist with significant effort.
You shoot a sling bullet. The sling bullet hits the goblin.
You kill the goblin!
You shoot a sling bullet.
The sling bullet closely misses Grinder.
You block Grinder's attack.
You shoot a sling bullet.
The sling bullet closely misses Grinder.
Grinder misses you.
You shoot a sling bullet. The sling bullet barely misses Grinder.
Grinder hits you!
You die...

....#.## ####### #¤####
#....## #.....####¤####
###...# ######.###.##......#
##.## #......# #.##.#.##.#
#.# #.####.###.#....##.#
##.## #.# #........#....¤
#...# #.# #######.#.###>.
#...# ####.#### ##.## ###
#...# #...<5@.# #######
###...#####.#####)# #.....#
..........#.# #.####.....#
............# #..........#
..........#.# #...##.....#
##.....####.#####.#.##.....#
#.)...# #.........########
#.....# ###...###.# #
#.....# #...# #.# #


You could see Grinder (strong).

Vanquished Creatures
  A kobold brigand (D:3)
  7 gnolls
  2 adders
  2 worms
  A dart slug (D:1)
  4 bats
  8 endoplasms
  4 giant cockroaches
  5 goblins
  3 hobgoblins (D:1)
  6 jackals
  5 kobolds
  2 quokkas
  3 ball pythons
  A frilled lizard (D:1)
  2 rats
56 creatures vanquished.

Notes
Turn   | Place    | Note
-------+----------+-------------------------------------------
     0 | D:1      | qw the Gargoyle Hexslinger began the quest for the Orb.
     0 | D:1      | Reached XP level 1. HP: 12/12 MP: 2/2
     0 | D:1      | 0 ||| qw: Version: 0.3-a-52-g30416fa
     0 | D:1      | 0 ||| qw: Game counter: 5958
     0 | D:1      | 0 ||| qw: Melee chars always use a shield: true
     0 | D:1      | 0 ||| qw: God list: Okawaru
     0 | D:1      | 0 ||| qw: Allow faded altars: false
     0 | D:1      | 0 ||| qw: Do Orc after clearing Dungeon:15 true
     0 | D:1      | 0 ||| qw: Do second Lair branch before Depths: true
     0 | D:1      | 0 ||| qw: Lair rune preference: random
     0 | D:1      | 0 ||| qw: Goals: Normal
     0 | D:1      | 0 ||| PLANNING D:1-11
   190 | D:1      | Reached XP level 2. HP: 16/16 MP: 3/3
   337 | D:1      | Found Gubeirei's Magic Scroll Boutique.
   342 | D:1      | 342 ||| SHOPLISTING scroll of enchant weapon (97 gold, have
                  | 13).
   342 | D:1      | 342 ||| SHOPLISTING scroll of identify (26 gold, have 13).
   349 | D:1      | Reached skill level 3 in Ranged Weapons
   952 | D:1      | Reached XP level 3. HP: 21/21 MP: 4/4
   996 | D:1      | 996 ||| UPGRADING to +0 leather armour.
  1006 | D:1      | 1006 ||| DROPPING +0 robe.
  1007 | D:1      | 1007 ||| UPGRADING to amulet of reflection.
  1012 | D:1      | 1012 ||| READING scroll labelled PUIGOA LOAKO.
  1013 | D:1      | 1013 ||| READING scroll labelled ZOBUEM FAPNUAZAZ.
  1018 | D:1      | 1018 ||| READING scroll labelled CISOUD POPPEETUYPT.
  1019 | D:1      | 1019 ||| READING 2 scrolls labelled YKHLYX LAKOP.
  1020 | D:1      | 1020 ||| READING scroll labelled JEUNUHAKYPT.
  1021 | D:1      | 1021 ||| DROPPING scroll of poison.
  1196 | D:2      | Reached XP level 4. HP: 26/26 MP: 5/5
  1339 | D:2      | Reached skill level 4 in Ranged Weapons
  1593 | D:2      | 1593 ||| UPGRADING to +0 cloak.
  1598 | D:2      | 1598 ||| DROPPING ring of flight.
  1599 | D:2      | 1599 ||| READING scroll labelled ALUADUNLYN.
  1600 | D:2      | 1600 ||| READING scroll labelled PYCKOM TICOIKE.
  1618 | D:2      | 1618 ||| READING 3 scrolls of identify.
  1618 | D:2      | 1618 ||| IDENTIFYING puce potion
  1619 | D:2      | 1619 ||| READING 2 scrolls of identify.
  1619 | D:2      | 1619 ||| IDENTIFYING green potion
  1728 | D:3      | Noticed a kobold brigand
  1737 | D:3      | Reached XP level 5. HP: 21/30 MP: 6/6
  1750 | D:3      | HP: 7/30 [kobold brigand/+0 short sword (1)]
  1751 | D:3      | 1751 ||| READING scroll of teleportation.
  1752 | D:3      | 1752 ||| DRINKING 2 potions of heal wounds.
  1753 | D:3      | Killed a kobold brigand
  1754 | D:3      | Reached skill level 5 in Ranged Weapons
  2259 | D:3      | 2259 ||| UPGRADING to ring of resist corrosion.
  2260 | D:3      | 2260 ||| READING scroll labelled XEFEF KIRGH.
  2260 | D:3      | Identified a scroll of acquirement
  2260 | D:3      | 2260 ||| ACQUIRING 502 gold pieces
  2260 | D:3      | Acquired 502 gold pieces
  2262 | D:3      | 2262 ||| READING scroll labelled RINILUQYOD.
  2263 | D:3      | 2263 ||| READING 3 scrolls of identify.
  2263 | D:3      | 2263 ||| IDENTIFYING fizzy pink potion
  2290 | D:4      | Noticed Grinder
  2292 | D:4      | Paralysed by Grinder for 3 turns
  2296 | D:4      | Paralysed by Grinder for 3 turns
  2300 | D:4      | 2300 ||| STAIRDANCE
  2302 | D:3      | HP: 6/31 [Grinder/nerve-wracking pain (4)]
  2303 | D:3      | 2303 ||| DRINKING potion of heal wounds.
  2303 | D:3      | Paralysed by Grinder for 2 turns
  2308 | D:3      | HP: 5/31 [Grinder (8)]
  2314 | D:3      | Slain by Grinder

Levels and vault maps discovered:
D:1:      matt_arrival_spirals, layout_basic, serial_shops,
          nicolae_shop_rolling_square
D:2:      layout_basic, hangedman_decor_points, corexii_item_surrounded_by_moat
D:3:      layout_loops_cross
D:4:      layout_basic, fedhas_altar_decomposition,
          minmay_misc_feat_four_crosses, uniq_duvessa, uniq_grinder

Skill      XL: |  1  2  3  4  5 |
---------------+----------------+-----
Ranged Weapons | 3 4 5 |  5.5
Fighting       | 2 |  2.6
Dodging        | |  1.5
Spellcasting   | |  1.0
Hexes          | |  2.6

Action                     |  1- 3 |  4- 6 || total
---------------------------+-------+-------++-------
   Fire: Sling             |    80 |   108 ||   188
    Use: Scroll            |     5 |     8 ||    13
         Potion            |       |     2 ||     2
 Armour: Robe              |     2 |       ||     2
         Leather armour    |     1 |    20 ||    21
  Dodge: Dodged            |    13 |    28 ||    41
  Block: Other             |     1 |    10 ||    11

Table legend:
 A = Non-vault XP
 B = Vault XP
 C = Vault XP percentage of total XP
 D = Non-vault monster count
 E = Vault monster count
 F = Vault count percentage of total count
                 A         B        C        D         E       F
            +---------+---------+-------+---------+---------+-------
      Total |     318 |       0 |   0.0 |      56 |       0 |   0.0
            +---------+---------+-------+---------+---------+-------
        D:1 |      40 |       0 |   0.0 |      22 |       0 |   0.0
        D:2 |      80 |       0 |   0.0 |      15 |       0 |   0.0
        D:3 |     198 |       0 |   0.0 |      19 |       0 |   0.0
            +---------+---------+-------+---------+---------+-------
